 Dungeon Crawl Stone Soup version 0.23-a0-644-gb60d84b (webtiles) character file.

53 Borgoz the Sneak (level 4, -1/26 HPs)
             Began as a Kobold Assassin on Jan 2, 2019.
             Killed from afar by Terence (10 damage)
             ... with a wand of flame (14)
             ... on level 2 of the Dungeon.
             The game lasted 00:02:46 (1498 turns).

Borgoz the Sneak (Kobold Assassin)                  Turns: 1498, Time: 00:02:47

Health: -1/26      AC:  3    Str:  9    XL:     4   Next: 11%
Magic:  4/4        EV: 14    Int: 12    God:
Gold:   49         SH:  0    Dex: 16    Spells: 3/3 levels left

rFire    . . .     SeeInvis .   h - +2 dagger (elec)
rCold    . . .     Gourm    .   (shield restricted)
rNeg     . . .     Faith    .   c - +0 robe
rPois    .         Spirit   .   (no helmet)
rElec    .         Reflect  .   d - +0 cloak
rCorr    .         Harm     .   (no gloves)
MR       .....                  (no boots)
Stlth    ++++......             (no amulet)
HPRegen  0.08/turn              (no ring)
MPRegen  0.09/turn              (no ring)

@: no status effects
A: small, carnivore
a: no special abilities


You were on level 2 of the Dungeon.
You were full.

You visited 1 branch of the dungeon, and saw 2 of its levels.

You collected 49 gold pieces.

Inventory:

Hand Weapons
 a - a +2 dagger
 b - a +0 blowgun
 h - a +2 dagger of electrocution (weapon)
Missiles
 e - 8 poisoned needles
 f - 2 curare-tipped needles
Armour
 c - a +0 robe (worn)
 d - a +0 cloak (worn)
Scrolls
 i - 2 scrolls of identify {unknown}
 j - 2 scrolls of remove curse {unknown}
 l - a scroll of blinking {unknown}
 n - a scroll of noise {unknown}
Potions
 k - a potion of curing {unknown}
 m - a potion of lignification {unknown}
Comestibles
 g - 2 rations


   Skills:
 + Level 2.2 Fighting
 + Level 3.4 Short Blades
 - Level 2.1 Throwing
 + Level 1.6 Dodging
 + Level 6.8 Stealth


You had 3 spell levels left.
You didn't know any spells.
Your spell library was empty.

Dungeon Overview and Level Annotations

Branches:
Dungeon (2/15)

Altars:

Annotations:
D:2 Terence


Innate Abilities, Weirdness & Mutations

You are small and have problems with some larger weapons.
You are carnivorous and can eat meat at any time.


Message History

The goblin completely misses you.
You closely miss the goblin.
The goblin is moderately wounded.
Terence the Incautious comes into view.
He is wielding a +0 flail and carrying The goblin hits you but does no damage.
You hit the goblin. Lightning courses through the goblin!
You kill the goblin!
Terence zaps a wand.
The puff of flame hits you!
Terence zaps a wand.
The puff of flame hits you!
You are too injured to fight recklessly!
You are too injured to fight recklessly!
You hit Terence but do no damage. Lightning courses through Terence!
Terence is almost dead.
Terence hits you but does no damage.
You hit Terence but do no damage.
Terence is almost dead.
You barely miss Terence.
Terence is almost dead.
Terence zaps a wand.
The puff of flame hits you!
You die...

.......# ...#.###
.. #.## รท.>....#
.... ...
...###.####..# #..#
.#.# #........ ...#
.#.# #........ ...#
##.#
#........###...
.....+..........#@#
##.###..........@.#
#.###............#
##.....####+#.....#
######....#.#.....#
# ####.#.###'#.# #
#.#.###.#.# #
#.......#.# #
###.#####.# #
#........


You could see Terence.

Vanquished Creatures
  An adder (D:2)
  An ooze (D:1)
  2 dart slugs (D:1)
  2 bats (D:1)
  2 giant cockroaches (D:1)
  2 hobgoblins
  5 jackals
  A ball python (D:2)
  A frilled lizard (D:1)
  9 goblins
  4 kobolds (D:1)
  4 rats
34 creatures vanquished.

Notes
Turn   | Place    | Note
-------+----------+-------------------------------------------
     0 | D:1      | Borgoz the Kobold Assassin began the quest for the Orb.
     0 | D:1      | Reached XP level 1. HP: 12/12 MP: 1/1
   145 | D:1      | Reached XP level 2. HP: 9/17 MP: 2/2
   189 | D:1      | Reached skill level 6 in Stealth
   469 | D:1      | Reached XP level 3. HP: 21/21 MP: 3/3
  1473 | D:2      | Reached XP level 4. HP: 26/26 MP: 4/4
  1492 | D:2      | Noticed Terence
  1498 | D:2      | Killed from afar by Terence

Vault maps used:
D:1:      dpeg_arrival_round_a
D:2:      minmay_inner_zag, grunt_temple_overflow_holy_war, serial_corexii_hall,
          corexii_hall_statues_i, corexii_hall_statues_deadend,
          corexii_hall_statues_x, uniq_terence, uniq_crazy_yiuf_cottage

Skill      XL: |  1  2 |
---------------+-------+-----
Stealth        | 6 |  6.8
Short Blades   | 3 |  3.4
Fighting       | |  2.2
Throwing       | |  2.1
Dodging        | |  1.6

Action                   |  1- 3 |  4- 6 || total
-------------------------+-------+-------++-------
Melee: Dagger            |    77 |     6 ||    83
 Stab: Sleeping          |    12 |       ||    12
  Eat: Chunk             |     6 |       ||     6
Armor: Robe              |     9 |     2 ||    11
Dodge: Dodged            |    42 |     1 ||    43

Table legend:
 A = Non-vault XP
 B = Vault XP
 C = Vault XP percentage of total XP
 D = Non-vault monster count
 E = Vault monster count
 F = Vault count percentage of total count
                 A         B        C        D         E       F
            +---------+---------+-------+---------+---------+-------
      Total |      77 |       0 |   0.0 |      34 |       0 |   0.0
            +---------+---------+-------+---------+---------+-------
        D:1 |      50 |       0 |   0.0 |      25 |       0 |   0.0
        D:2 |      27 |       0 |   0.0 |       9 |       0 |   0.0
            +---------+---------+-------+---------+---------+-------
